 Dungeon Crawl Stone Soup version 0.28.0-43-g3370ac3207 (webtiles) character file.

Game seed: 7246964600808416494

803 Revguard the Caller (level 7, -2/76 HPs)
             Began as a Demonspawn Summoner on Mar 11, 2022.
             Was an Initiate of Hepliaklqana.
             Slain by an iguana (6 damage)
             ... on level 5 of the Dungeon.
             The game lasted 00:23:06 (5541 turns).

Revguard the Caller (Demonspawn Summoner)           Turns: 5541, Time: 00:23:07

Health: -2/76      AC: 23    Str: 11    XL:     7   Next: 59%
Magic:  0/13       EV:  2    Int: 16    God:    Hepliaklqana [......]
Gold:   215        SH:  0    Dex: 13    Spells: 5/14 levels left

rFire   + . .      SeeInvis .   e - +0 spear (flame)
rCold   + . .      Faith    .   (no shield)
rNeg    . . .      Spirit   .   (armour currently unavailable)
rPois   +          Reflect  .   (helmet currently unavailable)
rElec   +          Harm     .   (cloak currently unavailable)
rCorr   +          Rampage  .   (gloves currently unavailable)
Will    .....      NoTele   +   (boots currently unavailable)
Stlth   ++........              (no amulet)
HPRegen 0.22/turn               f - +4 ring of evasion
MPRegen 0.13/turn               (no ring)

@: tree-form, resistant
A: stationary, stasis, torment immunity, boosted hp, demonic guardian 2, (sturdy
frame 1), (weakness stinger 1)
a: Renounce Religion


You were on level 5 of the Dungeon.
You worshipped Hepliaklqana.
Hepliaklqana was noncommittal.
You were a tree.
You visited 1 branch of the dungeon, and saw 5 of its levels.

You collected 215 gold pieces.

Inventory:

Hand Weapons
 e - a +0 spear of flaming (weapon)
 h - a +3 antimagic scythe
Armour
 a - a +0 robe
 d - a +0 ring mail (melded)
 g - a +0 helmet (melded)
Jewellery
 b - an amulet of guardian spirit
 f - a +4 ring of evasion (left branch)
Scrolls
 i - a scroll of identify
 j - a scroll of immolation {unknown}
 k - a scroll of fog {unknown}


   Skills:
 + Level 2.5 Fighting
 + Level 2.1 Polearms
 * Level 3.5 Armour
 + Level 3.0 Dodging
 - Level 1.7 Stealth
 * Level 4.1 Spellcasting
 + Level 2.2 Hexes
 + Level 4.9 Summonings


You had 5 spell levels left.
You knew the following spells:

 Your Spells              Type           Power      Damage    Failure   Level
a - Summon Small Mammal   Summ           76%        N/A       2%          1
b - Call Imp              Summ           19%        N/A       3%          2
c - Summon Guardian Gole  Hex/Summ       14%        N/A       12%         3
d - Call Canine Familiar  Summ           19%        N/A       6%          3

Your spell library contained the following spells:

 Spells                   Type           Power      Damage    Failure   Level
 Freeze                   Ice            12%        1d4       17%         1
 Confusing Touch          Hex            10%        N/A       21%         3
 Frozen Ramparts          Ice            6%         1d2       45%         3
 Summon Lightning Spire   Summ/Air       11%        N/A       52%         4
 Hailstorm                Conj/Ice       3%         3d3       86%         4
 Yara's Violent Unravell  Hex/Tmut       3%         3d4       96%         5
 Enfeeble                 Hex            5%         N/A       100%        7


Dungeon Overview and Level Annotations

Branches:
Dungeon (5/15)             Temple (0/1) D:5

Altars:
Ashenzari
Hepliaklqana
Trog

Annotations:
D:4 Eustachio


Innate Abilities, Weirdness & Mutations

You are a tree.
Your roots penetrate the ground, keeping you stationary.
You cannot be teleported.
You are immune to unholy pain and torment.
Your maximum health is greatly increased.
Your equipment is partially melded.
A demonic guardian rushes to your aid.
((Your movements are slightly less encumbered by armour. (ER -2)))
((You have a small tail.))


Message History

You feel protected.
Your ice devil hits the jelly!
The jelly dies!
Your adder bites the iguana but does no damage.
The orc closely misses your adder.
The ice beast hits you but does no damage.
Your Dodging skill increases to level 3!
You hit the ice beast but do no damage.
The ice beast is moderately wounded.
Your adder barely misses the iguana.
The orc hits you but does no damage.
The orc hits your ice devil but does no damage.
The orc closely misses your adder. x2; The ice beast hits your hound skeleton.
The ice beast freezes your hound skeleton.
Your hound skeleton resists.
You hit the ice beast but do no damage.
The ice beast is moderately wounded.
Your adder misses the orc. The iguana barely misses your adder.
The orc hits you but does no damage.
The orc hits your ice devil but does no damage.
The orc hits your adder with a +0 hand axe.
The orc closely misses your adder.
The ice beast hits you but does no damage.
Your adder bites the orc but does no damage.
Your ice devil barely misses the orc.
Casting: Summon Small Mammal (safe; 2% risk of failure)
Confirm with . or Enter, or press ? or * to list all spells.
A beastly little devil appears in a puff of flame.
The iguana misses your adder. The orc hits you but does no damage.
The orc hits your adder with a +0 hand axe.
Your adder dies!
Your adder's corpse dissolves into shadows!
The orc completely misses your ice devil.
The ice beast hits you but does no damage.
Your ice devil hits the orc!
The orc dies!
You barely miss the ice beast.
The ice beast is moderately wounded.
The ice beast hits you but does no damage.
The iguana bites you.
You die...

.####.. ...#..... ..........
.........##...{Z.....
..........##..c......
....................?. ....
.Z...............
...........#l##....b.......
..........##.♣#..Z.........
............4ZY.)..........
#......#....5...###........
#......#.........##........
. #.....#..##...>...........
... #....###.....#..(......
....###.......###.##.......#
#.............# .#........#
##.##..##.##...............


You could see an ice beast (ally target), an iguana, a howler monkey skeleton, a
friendly ice devil (summoned), a friendly crimson imp (summoned) and a friendly
hound skeleton (summoned, corroded).

Vanquished Creatures
  A necrophage (D:4)
  A bullfrog zombie (D:4)
  An orc wizard (D:5)
  A hound zombie (D:5)
  3 ufetubi (D:4)
  A dart slug (D:1)
  3 orcs
  3 endoplasms (D:4)
  2 giant cockroaches
  6 goblins
  4 hobgoblins
  5 jackals
  3 ball pythons
  A bat (D:2)
  A frilled lizard (D:2)
  6 kobolds
  3 rats
45 creatures vanquished.

Vanquished Creatures (collateral kills)
  Sigmund (D:4)
  A scorpion (D:5)
  4 jellies
  A hound (D:5)
  An iguana (D:4)
  An orc wizard (D:5)
  4 adders
  An ufetubus (D:5)
  A worm (D:2)
  A dart slug (D:1)
  6 orcs
  4 endoplasms
  6 goblins
  A hobgoblin (D:1)
  5 jackals
  A quokka (D:1)
  5 ball pythons
  2 bats (D:1)
  3 frilled lizards
  A kobold (D:4)
  4 rats
54 creatures vanquished.

Vanquished Creatures (others)
  A centaur (D:5)
  A plant (D:5)
2 creatures vanquished.

Grand Total: 101 creatures vanquished

Notes
Turn   | Place    | Note
-------+----------+-------------------------------------------
     0 | D:1      | Revguard the Demonspawn Summoner began the quest for the
                  | Orb.
     0 | D:1      | Reached XP level 1. HP: 13/13 MP: 3/3
   526 | D:1      | Gained mutation: Your movements are slightly less
                  | encumbered by armour. (ER -2) [demonic ancestry]
   526 | D:1      | Reached XP level 2. HP: 20/20 MP: 1/5
   643 | D:1      | Learned a level 2 spell: Call Imp
   738 | D:1      | Found a faded altar of an unknown god.
   814 | D:1      | Reached skill level 1 in Armour
   955 | D:1      | Gained mutation: You have a small tail. [demonic ancestry]
   955 | D:1      | Reached XP level 3. HP: 22/25 MP: 3/6
  1210 | D:1      | Learned a level 3 spell: Summon Guardian Golem
  1948 | D:2      | Gained mutation: A weak demonic guardian rushes to your
                  | aid. [demonic ancestry]
  1948 | D:2      | Reached XP level 4. HP: 29/31 MP: 4/7
  3026 | D:3      | Found a broken altar of Ashenzari.
  3267 | D:4      | Noticed Sigmund
  3285 | D:4      | Reached skill level 1 in Fighting
  3285 | D:4      | Reached skill level 1 in Polearms
  3286 | D:4      | Killed Sigmund
  3287 | D:4      | Reached skill level 1 in Hexes
  3287 | D:4      | Reached XP level 5. HP: 8/37 MP: 1/9
  3287 | D:4      | Gained mutation: A demonic guardian rushes to your aid.
                  | [demonic ancestry]
  3287 | D:4      | Reached XP level 6. HP: 10/43 MP: 1/10
  3648 | D:4      | Found a bloodstained altar of Trog.
  4440 | D:4      | Noticed Eustachio
  4771 | D:4      | Learned a level 3 spell: Call Canine Familiar
  5307 | D:5      | Entered Level 5 of the Dungeon
  5308 | D:5      | Found a hazy altar of Hepliaklqana.
  5323 | D:5      | Reached XP level 7. HP: 50/50 MP: 1/12
  5383 | D:5      | Became a worshipper of Hepliaklqana the Forgotten
  5408 | D:5      | Found a staircase to the Ecumenical Temple.
  5536 | D:5      | HP: 3/76 [ice beast (9)]
  5541 | D:5      | Slain by an iguana

Illustrated notes

Levels and vault maps discovered:
D:1:      sevenhm_arrival_forest_fort_small_6, layout_loops_cross,
          chequers_ecumenical_altar_simple_redux, minmay_tetromino_i2
D:2:      layout_loops_ring
D:3:      layout_basic, nicolae_ashenzari_panopticon
D:4:      layout_layer_cave, old_standard_altar, uniq_eustachio, uniq_sigmund
D:5:      layout_cave_pools, nicolae_hepliaklqana_hazy_memory,
          minmay_temple_entry_butterflies, serial_gnoll_camp,
          gnoll_camp_mini_hut, gnoll_camp_mini_loothouse, gnoll_camp_mini_hut,
          gnoll_camp_mini_hut, gnoll_camp_mini_shop

Skill      XL: |  1  2  3  4  5  6  7 |
---------------+----------------------+-----
Armour         | 1 2 3 |  3.5
Dodging        | 2 3 |  3.0
Fighting       | 1 2 |  2.5
Polearms       | 1 2 |  2.1
Spellcasting   | 3 4 |  4.1
Hexes          | 1 2 |  2.2
Stealth        | |  1.7
Summonings     | |  4.9

Action                   |  1- 3 |  4- 6 |  7- 9 || total
-------------------------+-------+-------+-------++-------
Melee: Unarmed           |     8 |       |       ||     8
       Spear             |    70 |    91 |    34 ||   195
       Tailslap          |    11 |    17 |     2 ||    30
       Punch             |     1 |       |       ||     1
       Scythe            |       |     3 |       ||     3
 Cast: Summon Small Mamm |    15 |    12 |     2 ||    29
       Call Imp          |     9 |    16 |     5 ||    30
       Summon Guardian G |     1 |     3 |     1 ||     5
       Call Canine Famil |       |     4 |     3 ||     7
  Use: Potion            |     1 |     5 |     2 ||     8
       Scroll            |       |     2 |     1 ||     3
 Stab: Distracted        |     2 |       |       ||     2
       Sleeping          |     1 |     1 |       ||     2
Armor: Ring mail         |    36 |    45 |    11 ||    92
       Skin              |       |       |    27 ||    27
Dodge: Dodged            |    61 |   130 |    18 ||   209
